 Dungeon Crawl Stone Soup version 0.18.1-50-g88ac8fd (webtiles) character file.

501 Dioneo the Ducker (level 7, -6/51 HPs)
             Began as a Merfolk Transmuter on Oct 18, 2016.
             Mangled by an ogre
             ... wielding a +0 giant club
              (30 damage)
             ... on level 4 of the Dungeon.
             The game lasted 00:16:46 (4935 turns).

Dioneo the Ducker (Merfolk Transmuter)              Turns: 4935, Time: 00:16:47

Health: -6/51      AC:  6    Str: 10    XL:     7   Next: 17%
Magic:  1/11       EV: 15    Int: 13    God:
Gold:   193        SH:  0    Dex: 16    Spells: 3 memorised, 4 levels left

rFire  . . .     SeeInvis .       - Unarmed
rCold  . . .     Gourm    .     b - +0 robe
rNeg   . . .     Faith    .     (no shield)
rPois  .         Spirit   .     (no helmet)
rElec  .         Dismiss  .     s - +2 cloak
rCorr  .         Reflect  .     (no gloves)
SustAt .         Harm     .     x - +0 pair of boots
MR     .....                    (no amulet)
Stlth  +.........               (no ring)
                                (no ring)

@: appendage, not resistant to hostile enchantments, very unstealthy
A: change form in water, swift swim, horns 2
a: End Transformation


You were on level 4 of the Dungeon.
You were not hungry.
You had grown temporary horns.
You visited 2 branches of the dungeon, and saw 5 of its levels.

You collected 193 gold pieces.

Inventory:

Missiles
 a - 55 arrows (quivered)
Armour
 b - a +0 robe (worn)
 s - a +2 cloak (worn)
 x - a +0 pair of boots (worn)
Wands
 q - a wand of slowing (13/48)
 u - a wand of paralysis (13/24)
Scrolls
 e - 2 scrolls of immolation
 f - a scroll of enchant armour {unknown}
 i - a scroll of remove curse {unknown}
Potions
 g - 2 potions of curing
 h - a potion of haste {unknown}
 j - 2 potions of brilliance
 k - a potion of agility {unknown}
 m - a potion of mutation {unknown}
 n - a potion of flight {unknown}
 r - a potion of heal wounds {unknown}
 t - 3 potions of magic {unknown}
 v - a potion of berserk rage {unknown}
 w - 2 potions of degeneration {unknown}
Books
 c - a book of Changes

   Spells                             Type                      Level
   a - Beastly Appendage              Transmutation                1
   b - Sticks to Snakes               Transmutation                2
   c - Spider Form                    Transmutation/Poison         3
   d - Ice Form                       Ice/Transmutation            4
   e - Blade Hands                    Transmutation                5
Comestibles
 d - 3 bread rations
 o - 3 fruits
 p - a meat ration


   Skills:
 - Level 2.9 Fighting
 + Level 5.3 Dodging
 + Level 4.6 Unarmed Combat
 + Level 2.7 Spellcasting
 + Level 5.0 Transmutations
 + Level 3.0 Ice Magic


You had 4 spell levels left.
You knew the following spells:

 Your Spells              Type           Power        Failure   Level  Hunger
a - Beastly Appendage     Trmt           ##....       3%          1    #......
b - Sticks to Snakes      Trmt           ##......     6%          2    ###....
c - Ice Form              Ice/Trmt       ##......     50%         4    #####..


Dungeon Overview and Level Annotations

Branches:
Dungeon (4/15)             Temple (1/1) D:4

Altars:
Ashenzari
Cheibriados
Dithmenos
Elyvilon
Fedhas
Gozag
Makhleb
Nemelex Xobeh
Qazlal
Ru
Vehumet
Yredelemnul
Zin
The Shining One


Innate Abilities, Weirdness & Mutations

You revert to your normal form in water.
You are very nimble and swift while swimming.
You have a pair of horns on your head.


Message History

You hit the ogre.
The ogre is lightly wounded.
The ogre hits you with a giant club!!
Ouch! That really hurt!
Casting: Beastly Appendage
Confirm with . or Enter, or press ? or * to list all spells.
You create a snake!
You now have 55 arrows.
Your ball python barely misses the ogre.
Your ball python bites the ogre but does no damage.
You barely miss the ogre.
The ogre is lightly wounded.
The ogre closely misses you.
Your ball python bites the ogre but does no damage.
Drink which item? (? for menu, Esc to quit)
Okay, then.
You hit the ogre.
The ogre is moderately wounded.
Your ball python bites the ogre.
The ogre hits you with a giant club!!
Ouch! That really hurt!
You die...

##≈§§≈≈#### ...
#§≈≈§≈≈##.###.....
#≈§≈≈.###O..O.....
##§≈..###.###.....
#§≈...##O# ...
####....##.# ..
#.##..##..## ...
#.##S###..#
######'#
#..@O.....#
#......#
########.##
#.###..#
#.####.###..#
#............
######.##....
#....... ######.#
#.# #.#


You could see an ogre and a friendly ball python.

Vanquished Creatures
  A scorpion (D:4)
  2 giant frog zombies (D:4)
  A centaur skeleton (D:4)
  A hound (D:4)
  An orc priest (D:4)
  2 orc wizards (D:4)
  A hound zombie (D:4)
  A hound skeleton (D:4)
  A worker ant zombie (D:4)
  A gnoll (D:2)
  A howler monkey skeleton (D:3)
  5 adders
  An ooze (D:1)
  A worm (D:2)
  2 dart slugs
  6 giant geckos
  12 orcs
  9 bats
  5 giant cockroaches
  8 goblins
  7 hobgoblins
  3 jackals (D:3)
  6 kobolds
  2 ball pythons
  A giant gecko skeleton (D:4)
  6 giant newts
  A quokka skeleton (D:4)
  21 rats
109 creatures vanquished.

Vanquished Creatures (collateral kills)
  Crazy Yiuf (D:2)
  2 gnolls (D:2)
  3 adders
  A worm (D:2)
  An orc (D:4)
  A goblin (D:2)
  A hobgoblin (D:2)
  A bat (D:2)
11 creatures vanquished.

Grand Total: 120 creatures vanquished

Notes
Turn   | Place    | Note
--------------------------------------------------------------
     0 | D:1      | Dioneo the Merfolk Transmuter began the quest for the Orb.
     0 | D:1      | Reached XP level 1. HP: 15/15 MP: 3/3
   203 | D:1      | Reached XP level 2. HP: 21/21 MP: 3/5
   406 | D:1      | Learned a level 2 spell: Sticks to Snakes
   687 | D:1      | Reached XP level 3. HP: 14/27 MP: 4/6
  1616 | D:2      | Reached XP level 4. HP: 27/34 MP: 0/7
  1747 | D:2      | Learned a level 4 spell: Ice Form
  1763 | D:2      | Noticed Crazy Yiuf
  1815 | D:2      | Killed Crazy Yiuf
  2063 | D:2      | Found a stormy altar of Qazlal.
  2123 | D:2      | Found a burning altar of Makhleb.
  2219 | D:3      | Reached XP level 5. HP: 26/40 MP: 6/8
  2448 | D:3      | Reached skill level 1 in Ice Magic
  3402 | D:3      | Found an opulent altar of Gozag.
  3834 | D:4      | Reached XP level 6. HP: 46/46 MP: 7/9
  4432 | D:4      | Reached skill level 5 in Dodging
  4455 | D:4      | Reached XP level 7. HP: 27/51 MP: 8/10
  4813 | D:4      | Found a staircase to the Ecumenical Temple.
  4823 | Temple   | Entered the Ecumenical Temple
  4925 | D:4      | Reached skill level 5 in Transmutations
  4935 | D:4      | Mangled by an ogre

Skill      XL: |  1  2  3  4  5  6  7 |
---------------+----------------------+-----
Transmutations | 3 4 5 |  5.0
Fighting       | 2 |  2.9
Dodging        | 3 4 5 |  5.3
Ice Magic      | 2 3 |  3.0
Unarmed Combat | 4 |  4.6
Spellcasting   | |  2.7

Action                   |  1- 3 |  4- 6 |  7- 9 || total
-------------------------+-------+-------+-------++-------
Melee: Unarmed           |    93 |   250 |    23 ||   366
       Headbutt          |    10 |    38 |     5 ||    53
       Punch             |     1 |     5 |     1 ||     7
 Cast: Beastly Appendage |    17 |    27 |     3 ||    47
       Sticks to Snakes  |     5 |    24 |     6 ||    35
  Use: Scroll            |     1 |     2 |       ||     3
 Stab: Sleeping          |     1 |       |       ||     1
  Eat: Chunk             |     3 |    11 |       ||    14
       Beef jerky        |       |     1 |       ||     1
       Pizza             |       |       |     1 ||     1
Armor: Robe              |    11 |    65 |     2 ||    78
Dodge: Dodged            |    66 |   176 |    13 ||   255
